 Dungeon Crawl Stone Soup version 0.31-a0-237-g2d982f9 (webtiles) character file.

Game seed: 8072375180054293216

46 BingusPrime the Vexing (level 3, 0/27 HPs)
             Began as a Spriggan Hexslinger on July 11, 2023.
             Slain by an orc
             ... wielding a +0 short sword
              (3 damage)
             ... on level 3 of the Dungeon.
             The game lasted 00:02:48 (1060 turns).

BingusPrime the Vexing (Spriggan Hexslinger)        Turns: 1060, Time: 00:02:49

Health: 0/27       AC:  2    Str:  4    XL:     3   Next: 44%
Magic:  7/7        EV: 18    Int: 14    God:
Gold:   49         SH:  0    Dex: 19    Spells: 5/6 levels left

rFire   . . .        a - +1 sling
rCold   . . .        (no shield)
rNeg    . . .        c - +0 robe
rPois   .            (helmet restricted)
rElec   .            (no cloak)
rCorr   .            (gloves unavailable)
SInv    +            (boots unavailable)
Will    .....        (no amulet) Stlth
                     (no ring)
HPRegen 0.24/turn    (no ring)
MPRegen 0.10/turn

%: no passive effects
@: berserking, very quick
A: very small, no large weapons, unfitting armour, see invisible, speed 3
a: no special abilities


You were on level 3 of the Dungeon.
You visited 1 branch of the dungeon, and saw 3 of its levels.

You collected 49 gold pieces.

Inventory:

Hand Weapons
 a - a +1 sling (weapon)
Missiles
 e - a throwing net
Armour
 c - a +0 robe (worn)
Scrolls
 b - a scroll of poison
 g - 2 scrolls of vulnerability


   Skills:
 + Level 1.3 Fighting
 + Level 2.4 Ranged Weapons
 + Level 3.3 Dodging
 + Level 2.2 Spellcasting
 + Level 4.0 Hexes


You had 5 spell levels left.
You knew the following spells:

 Your Spells              Type           Power      Damage    Failure   Level
a - Slow                  Hex            48%        N/A       4%          1

Your spell library contained the following spells:

 Spells                   Type           Power      Damage    Failure   Level
 Sting                    Tmut/Pois      4%         1d3       24%         1
 Inner Flame              Hex/Fire       7%         N/A       30%         3
 Portal Projectile        Hex/Tloc       14%        N/A       30%         3
 Poisonous Vapours        Pois/Air       2%         N/A       34%         2
 Sublimation of Blood     Necr           1%         N/A       34%         2
 Wereblood                Tmut           1%         N/A       34%         2
 Cause Fear               Hex            6%         N/A       41%         4
 Olgreb's Toxic Radiance  Pois           1%         N/A       93%         4
 Summon Hydra             Summ           0%         N/A       100%        7


Dungeon Overview and Level Annotations

Branches:
Dungeon (3/15)

Altars:


Innate Abilities, Weirdness & Mutations

You are very small and have problems with some larger weapons.
You are too small for most types of armour.
You have supernaturally acute eyesight. (SInv)
You cover ground extremely quickly. (Speed+++)


Message History

Unknown command.
The jackal completely misses you. The jackal closely misses you. x2
You climb downwards.
The orc shouts! x3; You hear a shout!
Found a fuming ruby potion.
There is a stone staircase leading up here.
As you read the scroll labelled BEADDI MADOLAP, it crumbles to dust.
It is a scroll of identify.
g - 2 scrolls of vulnerability The jackal misses you. x2; The jackal completely misses you.
The orc barely misses you. x2; The orc hits you with a +0 dagger.
* * * LOW HITPOINT WARNING * * *
A goblin comes into view. It is wielding a +0 dagger.
Okay, then.
It was a potion of berserk rage.
A red film seems to cover your vision as you go berserk!
You feel yourself moving faster!
You feel mighty!
The jackal bites you but does no damage.
The jackal barely misses you. The orc barely misses you. The orc misses you.
The orc closely misses you.
You are too injured to fight recklessly!
You are too injured to fight recklessly!
You are too injured to fight recklessly!
You are too injured to fight recklessly!
You are too injured to fight recklessly!
You are too injured to fight recklessly!
You are too injured to fight recklessly!
Really attack while wielding your +1 sling?
You clumsily bash the orc.
The orc is heavily wounded.
The jackal closely misses you. x2; The jackal misses you.
The jackal closely misses you. The orc closely misses you.
The orc completely misses you. The orc closely misses you.
You hit the orc!
You kill the orc!
The jackal bites you.
* * * LOW HITPOINT WARNING * * *
The jackal bites you but does no damage.
The orc hits you with a +0 short sword.
You die...

.. ..# .. #.#
#.###.##
###..#...# .
..!......####..
...............
......ohh......
#o@)# #o#.# #.
.# .. .. #..
... #.. g..#
... ...# ...
...#


You could see 3 orcs, 2 jackals and a goblin.

Vanquished Creatures
  An adder (D:2)
  2 dart slugs (D:1)
  An orc (D:3)
  3 ball pythons (D:1)
  2 endoplasms (D:1)
  3 giant cockroaches
  3 goblins (D:1)
  A hobgoblin (D:1)
  2 jackals (D:2)
  3 kobolds
  A quokka (D:2)
  5 bats
  2 frilled lizards (D:1)
  3 rats
32 creatures vanquished.

Notes
Turn   | Place    | Note
-------+----------+-------------------------------------------
     0 | D:1      | BingusPrime the Spriggan Hexslinger began the quest for the
                  | Orb.
     0 | D:1      | Reached XP level 1. HP: 9/9 MP: 3/3
   207 | D:1      | Reached skill level 1 in Fighting
   207 | D:1      | Reached XP level 2. HP: 10/14 MP: 3/5
   727 | D:2      | Reached skill level 4 in Hexes
   732 | D:2      | Reached XP level 3. HP: 17/18 MP: 5/7
  1060 | D:3      | Slain by an orc

Illustrated notes

Levels and vault maps discovered:
D:1:      sevenhm_arrival_forest_fort_small_3, layout_rooms
D:2:      layout_basic, uniq_terence
D:3:      layout_basic, mainiacjoe_overflow_big_doors, uniq_ijyb

Skill      XL: |  1  2 |
---------------+-------+-----
Fighting       | 1 |  1.3
Dodging        | 3 |  3.3
Spellcasting   | 2 |  2.2
Hexes          | 4 |  4.0
Ranged Weapons | |  2.4

Action                     || total
---------------------------++-------
  Melee: Sling             ||     2
   Fire: Sling             ||   120
   Cast: Slow              ||    31
    Use: Scroll            ||     1
         Potion            ||     1
 Armour: Robe              ||    10
  Dodge: Dodged            ||    74

Table legend: (Time is in decaauts)
 A = Elapsed time spent in this place.
 B = Non-inter-level travel time spent in this place.
 C = Inter-level travel time spent in this place.
 D = Time resting spent in this place.
 E = Time spent auto-exploring this place.
 F = Levels seen in this place.
 G = Mean time per level.
                   A        B        C        D        E       F      G
               +--------+--------+--------+--------+--------+-----+--------+
         Total |    847 |    801 |     46 |     31 |    500 |   3 |  282.3 |
       Dungeon |    847 |    801 |     46 |     31 |    500 |   3 |  282.3 |
               +--------+--------+--------+--------+--------+-----+--------+

Top non-repeatable levels by time:
     D:1: 606 daAuts
     D:2: 237 daAuts
     D:3: 3 daAuts
